 Dungeon Crawl Stone Soup version 0.25-a0-937-gcfae464cf3 (webtiles) character file.

Game seed: 13383961649189778269, levelgen mode: deterministic

3401 gruber the Frost Mage (level 9, -12/57 HPs)
             Began as a Demonspawn Ice Elementalist on May 4, 2020.
             Mangled by a wolf spider zombie (16 damage)
             ... on level 7 of the Dungeon.
             The game lasted 00:17:44 (8482 turns).

gruber the Frost Mage (Demonspawn Ice Elementalist) Turns: 8482, Time: 00:17:44

Health: -12/57     AC:  8    Str:  8    XL:     9   Next: 75%
Magic:  3/20       EV: 12    Int: 20    God:
Gold:   301        SH:  0    Dex: 14    Spells: 10/22 levels left

rFire    . . .     SeeInvis .   l - +4 dagger (speed)
rCold    + . .     Gourm    .   (no shield)
rNeg     . . .     Faith    .   a - +0 robe
rPois    .         Spirit   .   (helmet restricted)
rElec    .         Reflect  .   (no cloak)
rCorr    .         Harm     .   (no gloves)
MR       .....                  (no boots)
Stlth    ++........             (no amulet)
HPRegen  0.19/turn              (no ring)
MPRegen  0.17/turn              (no ring)

@: sanguine armour
A: horns 2, cold resistance 1, powered by death 1, freezing cloud immunity,
sanguine armour 1
a: no special abilities


You were on level 7 of the Dungeon.
You were hungry.

You visited 2 branches of the dungeon, and saw 8 of its levels.

You collected 301 gold pieces.

Inventory:

Hand Weapons
 l - a +4 dagger of speed (weapon)
Armour
 a - a +0 robe (worn)
Jewellery
 i - an uncursed amulet of magic regeneration {unknown}
 j - an uncursed amulet of magic regeneration {unknown}
Wands
 u - a wand of flame (34)
 w - a wand of random effects (21)
Scrolls
 f - 2 scrolls of amnesia {unknown}
 g - 6 scrolls of teleportation
 k - 5 scrolls of remove curse {unknown}
 s - a scroll of enchant armour {unknown}
 t - a scroll of enchant weapon {unknown}
Potions
 b - a potion of heal wounds
 d - 2 potions of stabbing {unknown}
 e - a potion of mutation {unknown}
 h - 2 potions of flight {unknown}
 m - a potion of invisibility {unknown}
 n - a potion of resistance {unknown}
 o - a potion of haste {unknown}
 p - 2 potions of might {unknown}
 q - 5 potions of curing {unknown}
 r - a potion of brilliance {unknown}
 x - a potion of degeneration {unknown}
Comestibles
 c - 7 rations
 v - 7 chunks of flesh


   Skills:
 - Level 1.7 Dodging
 - Level 1.8 Stealth
 * Level 7.3 Spellcasting
 - Level 3.3 Conjurations
 - Level 4.0 Summonings
 - Level 10.0 Ice Magic


You had 10 spell levels left.
You knew the following spells:

 Your Spells              Type           Power        Failure   Level  Hunger
a - Freeze                Ice            ####         1%          1    None
b - Frozen Ramparts       Ice            #####.       1%          3    #......
c - Hailstorm             Conj/Ice       ####....     6%          4    ###....
d - Summon Ice Beast      Ice/Summ       #####...     4%          4    ###....

Your spell library contained the following spells:

 Spells                   Type           Power        Failure   Level  Hunger
 Ozocubu's Armour         Chrm/Ice       ####....     3%          3    #......


Dungeon Overview and Level Annotations

Branches:
Dungeon (7/15)             Temple (1/1) D:7

Altars:
Ashenzari
Cheibriados
Dithmenos
Elyvilon
Fedhas
Gozag
Hepliaklqana
Kikubaaqudgha
Makhleb
Okawaru
Qazlal
Ru
Sif Muna
Trog
Uskayaw
Wu Jian
Xom
Yredelemnul
Zin
The Shining One

Annotations:
D:3 Grinder
D:5 3 runed translucent doors, Esekla's ghost, amateur FoCj


Innate Abilities, Weirdness & Mutations

You have a pair of horns on your head.
Your flesh is cold resistant. (rC+)
You regenerate a little health from kills.
You are immune to freezing clouds.
When seriously injured, your bleeding wounds create armour. (AC +6)


Message History

Press: ? - help, Shift-Dir - straight line, f/p - wolf spider zombie
Aim: a wolf spider zombie (severely damaged)
The wolf spider zombie completely resists.
You freeze the wolf spider zombie but do no damage.
Your ice beast hits the wolf spider zombie.
Your ice beast freezes the wolf spider zombie.
The wolf spider zombie resists.
The wolf spider zombie hits you!
* * * LOW HITPOINT WARNING * * *
The wolf spider zombie bites you but does no damage.
Your ice beast hits the wolf spider zombie.
Your ice beast freezes the wolf spider zombie.
The wolf spider zombie resists.
Unknown command.
Unknown command.
The wolf spider zombie hits your ice beast!
Your ice beast dies!
Casting: Freeze (safe; 1% risk of failure)
Confirm with . or Enter, or press ? or * to list all spells.
A chill wind blows around you. The wolf spider zombie hits you!
You die...

≈≈≈≈≈≈............#
≈≈≈≈≈≈............#
≈≈≈≈≈≈............#
≈≈≈≈≈(.#####.....##
≈≈≈....# #.....#
≈......# #)....#
.......#####..Y..#
...........#...Y.####
...........'...Z@...#
...........########.#
...........# #.#
...........# #.#
...........#
#.########
####.......#
#........# #.......#
###....#.# #########
#..#.#.# #.##...#


You could see a wolf spider zombie and 2 friendly ice beasts.

Vanquished Creatures
  A centaur skeleton (D:7)
  A hornet (D:7)
  Sigmund (D:5)
  3 water moccasins
  2 orc warriors (D:6)
  A necrophage (D:6)
  3 ogres
  3 centaurs
  2 bullfrogs
  3 scorpions
  A water moccasin skeleton (D:5)
  A howler monkey (D:5)
  A bullfrog zombie (D:5)
  A crimson imp (D:5)
  3 centaur zombies
  5 hounds
  3 orc wizards
  6 worker ants
  A hound skeleton (D:6)
  A howler monkey zombie (D:7)
  A worker ant zombie (D:7)
  7 adders
  3 shadow imps (D:7)
  An adder skeleton (D:7)
  A worm (D:3)
  2 leopard geckos
  17 orcs
  2 ball pythons
  8 bats
  5 giant cockroaches
  6 goblins
  9 hobgoblins
  6 jackals
  6 quokkas
  5 frilled lizards
  6 kobolds
  4 rats
  A withered plant (D:3)
133 creatures vanquished.

Vanquished Creatures (collateral kills)
  A wyvern (D:7)
  A hungry ghost (D:7)
  A centaur skeleton (D:7)
  A bullfrog skeleton (D:5)
  An adder (D:7)
  2 shadow imps (D:7)
  A jackal (D:5)
8 creatures vanquished.

Vanquished Creatures (others)
  A fungus (D:5)
  A plant (D:5)
  A withered plant (D:7)
3 creatures vanquished.

Grand Total: 144 creatures vanquished

Notes
Turn   | Place    | Note
-------+----------+-------------------------------------------
     0 | D:1      | gruber the Demonspawn Ice Elementalist began the quest for
                  | the Orb.
     0 | D:1      | Reached XP level 1. HP: 13/13 MP: 3/3
   390 | D:1      | Reached skill level 4 in Ice Magic
   408 | D:1      | Gained mutation: Your flesh is cold resistant. (rC+)
                  | [demonic ancestry]
   408 | D:1      | Reached XP level 2. HP: 19/19 MP: 1/5
   768 | D:1      | You fall into a shaft and drop 1 floor!
   796 | D:2      | Gained mutation: When seriously injured, your bleeding
                  | wounds create armour. (AC +6) [demonic ancestry]
   796 | D:2      | Reached XP level 3. HP: 24/24 MP: 3/6
   849 | D:2      | Learned a level 3 spell: Frozen Ramparts
  2027 | D:3      | Noticed Grinder
  2128 | D:3      | Found an ancient bone altar of Kikubaaqudgha.
  2343 | D:3      | Reached XP level 4. HP: 30/30 MP: 5/8
  2402 | D:3      | Paralysed by Grinder for 7 turns
  2871 | D:4      | Noticed an ogre
  2879 | D:4      | Killed an ogre
  2879 | D:4      | Reached skill level 5 in Ice Magic
  2879 | D:4      | Gained mutation: You have a pair of small horns on your
                  | head. [demonic ancestry]
  2879 | D:4      | Reached XP level 5. HP: 15/35 MP: 1/10
  3196 | D:4      | Noticed a phantom
  3243 | D:5      | Entered Level 5 of the Dungeon
  3283 | D:5      | Learned a level 4 spell: Hailstorm
  3352 | D:5      | Reached skill level 1 in Conjurations
  3447 | D:5      | Noticed an ogre
  3452 | D:5      | Killed an ogre
  3452 | D:5      | Gained mutation: You regenerate a little health from kills.
                  | [demonic ancestry]
  3452 | D:5      | Reached XP level 6. HP: 32/41 MP: 6/12
  3872 | D:5      | Learned a level 4 spell: Summon Ice Beast
  3882 | D:5      | Noticed Sigmund
  3887 | D:5      | Killed Sigmund
  3887 | D:5      | Gained mutation: You are immune to freezing clouds.
                  | [demonic ancestry]
  3887 | D:5      | Reached XP level 7. HP: 27/46 MP: 3/13
  4681 | D:5      | Found a runed translucent gate.
  4688 | D:5      | Found a runed translucent gate.
  4690 | D:5      | Found a runed translucent gate.
  4691 | D:5      | Noticed Esekla's ghost (amateur FoCj)
  4956 | D:6      | Reached skill level 6 in Ice Magic
  5031 | D:6      | Reached XP level 8. HP: 31/52 MP: 5/14
  5155 | D:6      | Reached skill level 7 in Ice Magic
  5494 | D:6      | Reached skill level 8 in Ice Magic
  5656 | D:6      | Found a burning altar of Makhleb.
  6509 | D:7      | Reached skill level 9 in Ice Magic
  6527 | D:7      | Noticed a +0 dagger
  6563 | D:7      | Found a staircase to the Ecumenical Temple.
  6642 | Temple   | Entered the Ecumenical Temple
  6914 | D:7      | Gained mutation: You have a pair of horns on your head.
                  | [demonic ancestry]
  6914 | D:7      | Reached XP level 9. HP: 40/57 MP: 3/15
  7006 | D:7      | Noticed a +0 dagger
  7025 | D:7      | Reached skill level 10 in Ice Magic
  7234 | D:7      | Found a hide-covered altar of Uskayaw.
  7239 | D:7      | Reached skill level 5 in Spellcasting
  7945 | D:7      | Noticed a hellwing
  8058 | D:7      | Noticed a hellwing
  8482 | D:7      | Mangled by a wolf spider zombie

Levels and vault maps discovered:
D:1:      evilmike_arrival_fibonacci_small, layout_rooms,
          kennysheep_pointless_box
D:2:      layout_loops_cross, first_ration
D:3:      layout_loops_ring, kiku_gazebo_garden_becter, uniq_grinder
D:4:      layout_rooms, minmay_manual_monstrance
D:5:      layout_basic, gammafunk_ghost_nasty_kobolds, minivault_27,
          uniq_sigmund
D:6:      layout_rooms, makhleb_blood_cavern_becter
D:7:      cheibrodos_grave_circle, layout_basic, dancing_weapons_uskayaw,
          temple_pool_b, serial_shops, nicolae_shop_waterfront
Temple:   eino_narrow_crystal_temple

Skill      XL: |  1  2  3  4  5  6  7  8  9 |
---------------+----------------------------+-----
Ice Magic      | 4 5 6 9 10 | 10.0
Spellcasting   | 3 4 7 |  7.3
Conjurations   | 2 3 |  3.3
Summonings     | 3 4 |  4.0
Dodging        | |  1.7
Stealth        | |  1.8

Action                   |  1- 3 |  4- 6 |  7- 9 || total
-------------------------+-------+-------+-------++-------
Melee: Unarmed           |     9 |       |       ||     9
       Dagger            |    58 |    13 |   112 ||   183
       Headbutt          |       |     1 |    23 ||    24
 Cast: Freeze            |    50 |    36 |   116 ||   202
       Frozen Ramparts   |     1 |     7 |    29 ||    37
       Hailstorm         |       |     1 |       ||     1
       Summon Ice Beast  |       |       |    22 ||    22
  Use: Potion            |       |     1 |       ||     1
       Scroll            |       |       |     1 ||     1
 Stab: Sleeping          |     2 |     2 |     5 ||     9
  Eat: Chunk             |     5 |     3 |    14 ||    22
       Ration            |       |     1 |     1 ||     2
Armor: Robe              |    17 |     6 |    36 ||    59
Dodge: Dodged            |    58 |    23 |   109 ||   190

Table legend:
 A = Non-vault XP
 B = Vault XP
 C = Vault XP percentage of total XP
 D = Non-vault monster count
 E = Vault monster count
 F = Vault count percentage of total count
                 A         B        C        D         E       F
            +---------+---------+-------+---------+---------+-------
      Total |    3534 |    1325 |  27.3 |     130 |      10 |   7.1
            +---------+---------+-------+---------+---------+-------
        D:1 |      40 |       0 |   0.0 |      23 |       0 |   0.0
        D:2 |      26 |       0 |   0.0 |      16 |       0 |   0.0
        D:3 |      31 |       0 |   0.0 |      13 |       0 |   0.0
        D:4 |     168 |       0 |   0.0 |       5 |       0 |   0.0
        D:5 |     660 |     223 |  25.3 |      21 |       1 |   4.5
        D:6 |    1175 |     127 |   9.8 |      26 |       2 |   7.1
        D:7 |    1434 |     975 |  40.5 |      26 |       7 |  21.2
            +---------+---------+-------+---------+---------+-------
